 Dungeon Crawl Stone Soup version 5.5-19-gbfab8aa (webtiles) character file.

29848 Charmandara the Fencer (level 15, -11/128 HPs)
             Began as a Jiangshi Gladiator on Apr 12, 2018.
             Was the Champion of Kikubaaqudgha.
             Killed by divine providence
             ... invoked by Saint Roka
              (16 damage)
             ... on level 2 of the Orcish Mines.
             The game lasted 00:52:56 (16132 turns).

Charmandara the Fencer (Jiangshi Gladiator)        Turns: 16132, Time: 00:52:57

Health: -11/128    AC: 25 (37%)Str: 19  XL:     15   Next: 32%
Magic:  0/17       EV: 19    Int: 22    God:    Kikubaaqudgha [6*[187]]
Gold:   1130       SH:  0    Dex: 15    Spells: 6/27 levels left

rFire    . . .     SeeInvis +   X - +5 triple sword (pain)
rCold    + . .     Faith    .   (shield currently unavailable)
rNeg     + + .     Spirit   +   i - quicksilver dragon scales
rPois    +         Reflect  .   B - +2 helmet
rElec    .                      C - +0 cloak
rCorr    .                      q - +2 pair of gloves
MR       ++...                  T - +2 pair of boots
Stlth    +++.......             y - amulet of guardian spirit {Spirit}
Regen    1.1/turn               R - +3 ring of evasion
MPRegen  0.3/turn               V - ring of wizardry {Wiz+, !d}

@: mighty, brilliant, slightlycontaminated, regenerating, glowing, repel
missiles
A: hp from kills, fangs 3, see invisible, cold resistance 1, negative energy
resistance 2, poison resistance, robust 1, wild magic 1, unbreathing, stiff legs
2
a: Hop, End Regeneration, End Death Channel, Stop Repelling Missiles, Miasmata,
Torment, Renounce Religion


You were on level 2 of the Orcish Mines.
You worshipped Kikubaaqudgha.
Kikubaaqudgha was exalted by your worship.
You were not thirsty.

You visited 3 branches of the dungeon, and saw 18 of its levels.
You visited the bazaar 1 time.

You collected 1370 gold pieces.
You spent 240 gold pieces at shops.

Inventory:

Hand Weapons
 a - a +4 vampiric scimitar {!w}
   (You took it off an orc warrior on level 7 of the Dungeon)
 b - a +2 double sword of devastation
   (You acquired it on level 7 of the Dungeon)
 t - a +3 double sword of draining
   (You found it on level 10 of the Dungeon)
 L - a +3 scimitar of freezing
   (You took it off a wight on level 8 of the Dungeon)
 X - a +5 triple sword of pain (weapon)
   (You took it off Rupert on level 15 of the Dungeon)
Missiles
 d - 370 poisoned darts
 e - 13 curare darts
 k - 67 javelins (quivered)
 I - 35 frenzy darts
 U - 42 javelins of penetration {@e1}
Armour
 i - quicksilver dragon scales (worn)
   (You found it on level 1 of the Dungeon)
 q - a +2 pair of gloves (worn)
   (You found it on level 3 of the Dungeon)
 B - a +2 helmet (worn)
   (You found it on level 6 of the Dungeon)
 C - a +0 cloak (worn)
   (You found it on level 7 of the Dungeon)
 J - a +0 shield
   (You found it on level 8 of the Dungeon)
 T - a +2 pair of boots (worn)
   (You found it on level 11 of the Dungeon)
 W - a +2 large shield of reflection
   (You took it off a vault guard on level 15 of the Dungeon)
Jewellery
 g - an uncursed ring of ice {rC+, rF-}
   (You took it off Fannar on level 1 of the Orcish Mines)
 w - a +3 ring of protection
   (You found it on level 13 of the Dungeon)
 y - an amulet of guardian spirit (around neck) {Spirit}
   (You found it on level 5 of the Dungeon)
 A - an uncursed amulet of regeneration {@e1+regen, !d}
   (You found it on level 6 of the Dungeon)
 G - an uncursed ring of positive energy {rN+}
   (You found it on level 8 of the Dungeon)
 R - a +3 ring of evasion (left hand)
   (You found it on level 10 of the Dungeon)
 S - an uncursed ring of fire {rF+, rC-}
   (You found it on level 10 of the Dungeon)
 V - a ring of wizardry (right hand) {Wiz+, !d}
   (You found it on level 13 of the Dungeon)
Wands
 c - a wand of flame (16)
 D - a wand of acid (7)
 E - a wand of lightning (5)
 M - a wand of confusion (17)
 O - a wand of digging (4)
Scrolls
 j - 3 scrolls of fog
 l - 3 scrolls of amnesia
 o - 3 scrolls of magic mapping {!r}
 r - 4 scrolls of teleportation
 z - 2 scrolls of immolation {!r}
 H - 2 scrolls of enchant armour
Potions
 h - 6 potions of mutation
 m - a potion of cancellation
 n - 2 potions of resistance
 p - 3 potions of flight
 u - a potion of magic
 x - 4 potions of lignification
 K - a potion of augmentation
Miscellaneous
 f - a box of beasts


   Skills:
 - Level 10.9 Fighting
 * Level 16.2 Blades
 - Level 1.7 Throwing
 - Level 10.3 Armour
 - Level 7.6 Dodging
 - Level 11.6 Stealth
 - Level 2.0 Hexes
 - Level 8.5 Charms
 - Level 11.1 Necromancy


You had 6 spell levels left.
You knew the following spells:

 Your Spells              Type           Power        Failure   Level  Hunger
a - Cigotuvi's Embrace    Necr           69 (200)     6%          6    N/A
b - Death Channel         Necr           69 (200)     6%          6    N/A
d - Repel Missiles        Chrm/Air       41 (100)     1%          2    N/A
g - Apportation           Tloc           17 (1000)    4%          1    N/A
r - Regeneration          Chrm/Necr      65 (200)     1%          3    N/A
s - Swiftness             Chrm/Air       41 (100)     1%          2    N/A
B - Summon Butterflies    Summ           17 (100)     4%          1    N/A

Dungeon Overview and Level Annotations

Branches:
Dungeon (15/15)             Slime (0/4) Orc:2           Orc (2/2) D:15
 Vaults (0/3) D:15         Depths (0/3) D:15
  Swamp: Orc:2       Shoals: Orc:2        Snake: Orc:2       Spider: Orc:2

Altars:
Cheibriados
Dithmenos
Elyvilon
Gozag
Jiyva
Kikubaaqudgha
Makhleb
Nemelex Xobeh
Okawaru
Qazlal
Ru
Sif Muna
Trog
Uskayaw
Vehumet
Wu Jian
Xom
Yredelemnul
Zin
The Shining One

Shops:
Bazaar *}[:

Annotations:
D:12 2 runed doors
Orc:2 Blork the orc, Saint Roka


Innate Abilities, Weirdness & Mutations

You sometimes restore health when killing living enemies.
You have razor-sharp teeth.
You have supernaturally acute eyesight. (SInv)
Your flesh is cold resistant. (rC+)
You are quite resistant to negative energy. (rN++)
Your system is resistant to poisons. (rPois)
You can survive without breathing.
You can hop longer distances.
You are robust. (+10% HP)
Your spells are a little harder to cast, but a little more powerful.


Message History

You flicker for a moment.
The orc misses you.
Saint Roka roars a battlecry!
The orcs go into a battle-frenzy!
An orc warrior comes into view. It is wielding a +0 flail.
You slice the orc like a ripe choko (50)!!!
You kill the orc!
Kikubaaqudgha accepts your kill.
A glowing mist starts to gather...
Saint Roka roars a battlecry!
The orc goes into a battle-frenzy!
An orc priest comes into view. It is wielding a +0 hand axe.
Unknown command.
An orc warrior comes into view.
It is wielding a +1 morningstar of devastation.
The orc wizard points at your spectral orc warrior and mumbles some strange words.
Saint Roka goes into a battle-frenzy!
The orc warrior hits your spectral orc warrior with a +0 battleaxe (10)!
Saint Roka invokes the aid of Beogh against you.
Beogh smites you (15)!
Your spectral orc warrior hits the orc warrior but does no damage.
You take 11 damage, and have 64/128 hp.
You now have 13/17 mp.
Unknown command.
You closely miss the orc.
The orc wizard gestures at your spectral orc warrior while chanting.
The orc hits your spectral orc warrior but does no damage.
The orc hits you but does no damage.
The orc warrior hits your spectral orc warrior but does no damage.
The orc warrior hits your spectral orc warrior with a +0 battleaxe (6).
Your spectral orc warrior barely misses the orc.
An orc priest comes into view.
Unknown command.
You slice the orc (31)!!
You kill the orc!
Kikubaaqudgha accepts your kill.
A glowing mist starts to gather...
Saint Roka shoots an arrow.
The arrow barely misses you (0).
Your spectral orc hits the orc wizard but does no damage.
Your spectral orc warrior hits the orc (1).
The orc warrior hits your spectral orc warrior with a +0 battleaxe (15)!
Your spectral orc warrior is destroyed!
The orc hits your spectral orc but does no damage.
The orc wizard casts a spell at your spectral orc.
The magic dart hits your spectral orc (4).
The orc priest shouts!
An orc warrior, an orc knight and Blork the orc come into view.
You flicker back into view.
The orc wizard gestures wildly while chanting.
The orc wizard blinks!
Your spectral orc warrior hits the orc warrior (1).
Your spectral orc barely misses the orc wizard.
The orc priest calls down the wrath of Beogh upon you.
Beogh smites you (15)!
Your spectral orc hits the orc warrior (1).
The orc hits you but does no damage.
The orc wizard hits your spectral orc with a +0 dagger (5).
Your spectral orc is destroyed!
An orc knight comes into view. It is wielding a +0 battleaxe.
You take 11 damage, and have 55/128 hp.
You now have 10/17 mp.
You slice Saint Roka (22)!!
Saint Roka writhes in agony (3).
Your bite misses Saint Roka.
The orc wizard is no longer moving quickly.
The orc wizard points at you and mumbles some strange words.
The magic dart hits you!
Saint Roka unwields a +0 arbalest.
Saint Roka wields a +5 great mace of distortion.
Its appearance distorts for a moment.
Saint Roka hits you with a +5 great mace of distortion (40)!!!
* * * LOW HITPOINT WARNING * * *
You blink.
The orc warrior hits you with a +0 battleaxe (12)!
* * * LOW HITPOINT WARNING * * *
Your spectral orc warrior hits the orc warrior (2).
Your spectral orc warrior drains the orc warrior (2)!
The orc wizard casts a spell at you.
The magic dart hits your spectral orc (8).
Your spectral orc is destroyed!
The orc warrior misses you.
The orc knight roars a battlecry!
An orc warrior comes into view. It is wielding a +0 hand axe.
Unknown command.
You take 42 damage, and have 13/128 hp.
MASSIVE DAMAGE!!
You now have 2/17 mp.
Unknown command.
Unknown command.
Really read
P - a scroll of blinking {!r}?
Blink to where?
You are lightly contaminated with residual magic.
As you read the scroll of blinking {!r}, it crumbles to dust.
The orc warrior hits your spectral orc warrior with a +0 flail (21)!!
Saint Roka invokes the aid of Beogh against you.
Beogh smites you (11)!
* * * LOW HITPOINT WARNING * * *
The orc priest hits your spectral orc warrior with a +0 hand axe (4).
Your spectral orc warrior is destroyed!
You take 9 damage, and have 4/128 hp.
You now have 1/17 mp.
Unknown command.
Saint Roka mumbles some strange prayers to Beogh against you.
Beogh smites you (17)!
You die...
Kikubaaqudgha rasps: "You have failed me!
Welcome... oblivion!"

......# #.o.o.# .....#
#o.oo.# .#...## #8o..8#
#.....# #..)..# ##
##.#..##########.....#.$##
##....##....#.)).........
#...)..##......o...$.....
##.#)...###....#o)........
####....#.....@..........
##Z..#..#.............
#.....................
##...................
###.................
##........#......
##.#....##...... .......#
..... ........


You could see Saint Roka, 2 orc warriors and an orc wizard.

Vanquished Creatures
  Rupert (D:15)
  Agnes (D:15)
  A fire dragon (D:15)
  Fannar (Orc:1)
  8 vault guards (D:15)
  Erica (D:8)
  An ice dragon (D:13)
  2 hydras
  6 centaur warriors
  10 death yaks (D:13)
  11 two-headed ogres
  An ogre mage (Orc:1)
  Nergalle (Orc:2)
  A flayed ghost (D:15)
  A wizard (D:14)
  An unseen horror (D:13)
  An obsidian statue (D:12)
  4 orc knights
  5 deep elf magi
  An orc sorcerer (D:14)
  A mana viper (shapeshifter) (D:15)
  An oklob plant (Orc:2)
  8 cyclopes
  18 ugly things
  4 manticores
  An ice statue (D:13)
  2 black mambas
  A spiny frog (D:11)
  4 torpor snails
  A rime drake (D:13)
  A redback zombie (D:15)
  A kobold demonologist (Orc:1)
  A komodo dragon (shapeshifter) (D:15)
  An efreet (D:15)
  A tengu conjurer (D:15)
  A freezing wraith (D:15)
  4 polar bears (D:13)
  9 trolls
  7 meliai
  11 blink frogs
  Grinder (D:7)
  4 slime creatures (D:15)
  Prince Ribbit (D:7)
  2 vampires
  A shadow (D:14)
  A wraith (D:11)
  7 wyverns
  15 yaks
  4 angry ghosts
  Menkaure (D:7)
  3 wargs
  A soldier ant (shapeshifter) (D:15)
  2 acid dragons
  A floating eye (shapeshifter) (D:15)
  A spiny frog zombie (D:8)
  A water moccasin (D:8)
  A wasp (shapeshifter) (D:15)
  20 orc warriors
  2 ice beasts (D:13)
  19 ogres
  A phantom (D:8)
  5 boggarts (D:15)
  5 wasps
  23 centaurs
  3 blink frog skeletons
  16 big kobolds (Orc:1)
  2 bullfrogs
  3 gnoll sergeants (D:15)
  4 wyvern zombies
  A water moccasin zombie (D:5)
  7 scorpions
  A wyvern skeleton (D:12)
  A water moccasin skeleton (D:8)
  5 crimson imps
  5 killer bees (D:9)
  15 wights
  6 electric eels
  6 centaur zombies
  A quasit (D:6)
  A wyvern simulacrum (D:15)
  6 jellies
  9 orc wizards
  9 orc priests
  2 wasp zombies
  2 hounds (D:6)
  5 centaur skeletons
  A bullfrog skeleton (D:5)
  3 worker ants
  An iguana (D:10)
  A killer bee zombie (D:9)
  2 hound skeletons
  7 adders
  2 gnolls (D:15)
  4 white imps (D:13)
  An ooze (D:1)
  3 dart slugs
  52 orcs
  12 quokkas
  10 bats
  5 giant cockroaches
  6 goblins
  6 hobgoblins
  4 jackals
  10 kobolds
  A ball python (D:2)
  6 frilled lizards
  A jackal skeleton (D:4)
  10 rats
517 creatures vanquished.

Vanquished Creatures (collateral kills)
  A death knight (D:14)
  3 phantasmal warriors (D:14)
  A freezing wraith (D:14)
  2 orc warriors
  An ogre (Orc:2)
  An orc priest (Orc:2)
  An orc wizard (Orc:2)
  2 orcs (Orc:2)
  2 kobolds (Orc:1)
14 creatures vanquished.

Vanquished Creatures (others)
  2 wargs (Orc:1)
  An orc warrior (Orc:1)
  2 orc wizards (Orc:1)
  5 orcs (Orc:1)
  A fungus (D:13)
  A plant (D:15)
12 creatures vanquished.

Grand Total: 543 creatures vanquished

Notes
Turn   | Place    | Note
-------+----------+-------------------------------------------
     0 | D:1      | Charmandara the Jiangshi Gladiator began the quest for the Orb.
     0 | D:1      | Reached XP level 1. HP: 16/16 MP: 2/2
    99 | D:1      | Reached XP level 2. HP: 8/22 MP: 3/3
   347 | D:1      | Reached skill level 4 in Blades
   671 | D:1      | Gained mutation: Your spells are a little harder to cast, but a little more powerful. [potion of mutation]
   671 | D:1      | Gained mutation: You are robust. (+10% HP) [potion of mutation]
   683 | D:2      | Reached XP level 3. HP: 28/29 MP: 5/5
   781 | D:2      | Reached skill level 5 in Blades
   849 | D:2      | Reached XP level 4. HP: 25/36 MP: 6/6
   871 | D:2      | Found a glowing silver altar of Zin.
  1016 | D:2      | Found a basalt altar of Yredelemnul.
  1374 | D:2      | Found a deep blue altar of Sif Muna.
  1452 | D:2      | Found a white marble altar of Elyvilon.
  1591 | D:3      | Found an iron altar of Okawaru.
  1616 | D:3      | Reached skill level 6 in Blades
  1616 | D:3      | Reached XP level 5. HP: 41/41 MP: 8/8
  1872 | D:3      | Found a faded altar of an unknown god.
  1976 | D:3      | Reached skill level 7 in Blades
  2135 | D:3      | Reached XP level 6. HP: 48/48 MP: 9/9
  2634 | D:4      | Reached skill level 8 in Blades
  2760 | D:4      | Found an opulent altar of Gozag.
  2825 | D:4      | Found a glowing silver altar of Zin.
  3294 | D:5      | Entered Level 5 of the Dungeon
  3316 | D:5      | Reached XP level 7. HP: 49/53 MP: 11/11
  3332 | D:5      | Found an ornate altar of the Wu Jian Council.
  3342 | D:5      | Reached skill level 2 in Fighting
  3342 | D:5      | Reached skill level 1 in Stealth
  3346 | D:5      | Found a glowing golden altar of the Shining One.
  3351 | D:5      | Found a hide-covered altar of Uskayaw.
  3434 | D:5      | Reached skill level 1 in Armour
  3434 | D:5      | Reached skill level 2 in Stealth
  3435 | D:5      | Found a viscous altar of Jiyva.
  3484 | D:5      | Reached skill level 9 in Blades
  3561 | D:5      | Reached skill level 3 in Stealth
  3596 | D:5      | Found a burning altar of Makhleb.
  4052 | D:6      | Found a stormy altar of Qazlal.
  4136 | D:6      | Reached skill level 4 in Stealth
  4136 | D:6      | Reached XP level 8. HP: 54/62 MP: 9/12
  4144 | D:6      | Reached skill level 3 in Fighting
  4339 | D:6      | Reached skill level 2 in Armour
  4456 | D:6      | Found a bloodstained altar of Trog.
  4557 | D:6      | Reached skill level 5 in Stealth
  4715 | D:6      | Found a sacrificial altar of Ru.
  4833 | D:6      | Reached skill level 10 in Blades
  5178 | D:7      | Found a stormy altar of Qazlal.
  5183 | D:7      | Found a shadowy altar of Dithmenos.
  5187 | D:7      | Found a sparkling altar of Nemelex Xobeh.
  5190 | D:7      | Noticed Menkaure
  5201 | D:7      | Killed Menkaure
  5223 | D:7      | Noticed Prince Ribbit
  5226 | D:7      | Found a shimmering altar of Xom.
  5228 | D:7      | Killed Prince Ribbit
  5228 | D:7      | Reached skill level 6 in Stealth
  5255 | D:7      | Found a radiant altar of Vehumet.
  5268 | D:7      | Found a snail-covered altar of Cheibriados.
  5300 | D:7      | Reached skill level 4 in Fighting
  5307 | D:7      | Reached skill level 3 in Armour
  5307 | D:7      | Reached XP level 9. HP: 30/71 MP: 5/14
  5343 | D:7      | Found an ancient bone altar of Kikubaaqudgha.
  5422 | D:7      | Became a worshipper of Kikubaaqudgha
  5547 | D:7      | Reached skill level 7 in Stealth
  5755 | D:7      | Reached skill level 11 in Blades
  5877 | D:7      | Noticed Grinder
  5881 | D:7      | Killed Grinder
  6092 | D:8      | Noticed Erica
  6120 | D:8      | Killed Erica
  6120 | D:8      | Reached skill level 5 in Fighting
  6120 | D:8      | Reached skill level 4 in Armour
  6120 | D:8      | Reached skill level 8 in Stealth
  6254 | D:8      | Reached * piety under Kikubaaqudgha
  6254 | D:8      | Received a gift from Kikubaaqudgha
  6257 | D:8      | Got Kikubaaqudgha's Catalogue of Necromancy
  6266 | D:8      | Reached XP level 10. HP: 81/81 MP: 16/16
  6270 | D:8      | Reached skill level 12 in Blades
  6325 | D:8      | Reached skill level 9 in Stealth
  6360 | D:8      | Noticed a two-headed ogre
  6367 | D:8      | Killed a two-headed ogre
  6367 | D:8      | Reached skill level 6 in Fighting
  6610 | D:8      | Learned a level 3 spell: Regeneration
  6783 | D:9      | Reached skill level 10 in Stealth
  6825 | D:9      | Reached skill level 13 in Blades
  6836 | D:9      | Reached ** piety under Kikubaaqudgha
  6984 | D:9      | Noticed a two-headed ogre
  6996 | D:9      | Killed a two-headed ogre
  7039 | D:9      | Reached skill level 11 in Stealth
  7161 | D:9      | Reached skill level 7 in Fighting
  7161 | D:9      | Reached XP level 11. HP: 92/92 MP: 13/17
  7325 | D:10     | Entered Level 10 of the Dungeon
  7781 | D:10     | Reached skill level 14 in Blades
  8465 | D:11     | Reached skill level 4 in Dodging
  8566 | D:11     | Noticed a deep elf mage
  8588 | D:11     | Killed a deep elf mage
  8588 | D:11     | Reached skill level 5 in Dodging
  8591 | D:11     | Reached *** piety under Kikubaaqudgha
  8591 | D:11     | Received a gift from Kikubaaqudgha
  8597 | D:11     | Got Kikubaaqudgha's Handbook of Necromancy
  8753 | D:11     | Reached skill level 6 in Dodging
  8836 | D:11     | Noticed a purple ugly thing
  8853 | D:11     | Killed a purple ugly thing
  8853 | D:11     | Reached skill level 8 in Fighting
  8943 | D:11     | Noticed a green ugly thing
  8961 | D:11     | Killed a green ugly thing
  8997 | D:11     | Found a gateway to a bazaar.
  9130 | D:11     | Noticed a two-headed ogre
  9137 | D:11     | Killed a two-headed ogre
  9137 | D:11     | Reached skill level 7 in Dodging
  9332 | Bazaar   | Entered a bazaar
  9353 | Bazaar   | Found Ajaat's Book Boutique.
  9382 | Bazaar   | Found Qewkass's Armour Boutique.
  9398 | Bazaar   | Found Lacalis's Gadget Shop.
  9412 | Bazaar   | Found Caxizao's General Store.
  9583 | Bazaar   | Bought a scroll of brand weapon for 240 gold pieces
  9641 | D:12     | Reached XP level 12. HP: 103/103 MP: 19/19
  9815 | D:12     | Found a runed door.
  9891 | D:12     | Noticed a six-headed hydra
  9898 | D:12     | Killed a six-headed hydra
  9919 | D:12     | Reached **** piety under Kikubaaqudgha
  9919 | D:12     | Reached skill level 5 in Armour
  9982 | D:12     | Noticed a two-headed ogre
  9989 | D:12     | Killed a two-headed ogre
 10016 | D:12     | Found a runed door.
 10096 | D:12     | Found a shimmering altar of Xom.
 10108 | D:12     | Found a runed door.
 10127 | D:12     | Found a runed door.
 10170 | D:12     | HP: 18/103 [fire elemental[a deep elf mage] (10)]
 10171 | D:12     | HP: 8/103 [fire elemental[a deep elf mage] (4)]
 10846 | D:12     | Reached skill level 9 in Fighting
 10905 | D:13     | Reached skill level 15 in Blades
 10905 | D:13     | Reached skill level 6 in Armour
 10924 | D:13     | Noticed an ice dragon
 10932 | D:13     | Noticed a death yak
 10932 | D:13     | Noticed a death yak
 10932 | D:13     | Noticed a death yak
 10934 | D:13     | Noticed a death yak
 10936 | D:13     | Noticed a death yak
 10949 | D:13     | Noticed a death yak
 10984 | D:13     | Killed a death yak
 11014 | D:13     | Killed a death yak
 11021 | D:13     | Killed a death yak
 11032 | D:13     | Killed an ice dragon
 11055 | D:13     | Killed a death yak
 11055 | D:13     | Reached skill level 7 in Armour
 11073 | D:13     | Killed a death yak
 11083 | D:13     | Killed a death yak
 11299 | D:13     | Noticed a seven-headed hydra
 11307 | D:13     | Killed a seven-headed hydra
 11307 | D:13     | Gained mutation: You can hop longer distances. [Jiangshi growth]
 11307 | D:13     | Reached XP level 13. HP: 112/112 MP: 21/21
 11394 | D:13     | Reached skill level 8 in Armour
 11445 | D:13     | Reached skill level 10 in Fighting
 12053 | D:13     | Got the +0 ring mail of Mypoab {rC+ rCorr Slay-4}
 12132 | D:14     | Reached skill level 9 in Armour
 12239 | D:14     | HP: 23/114 [death knight/+2 battleaxe (8)]
 12247 | D:14     | Reached skill level 16 in Blades
 12551 | D:14     | Reached ***** piety under Kikubaaqudgha
 12784 | D:14     | Reached skill level 10 in Armour
 13135 | D:14     | Reached XP level 14. HP: 102/122 MP: 17/22
 13233 | D:14     | Learned a level 2 spell: Repel Missiles
 13247 | D:14     | Reached skill level 1 in Hexes
 13254 | D:14     | Reached skill level 2 in Hexes
 13254 | D:14     | Reached skill level 1 in Necromancy
 13262 | D:14     | Learned a level 1 spell: Apportation
 13265 | D:14     | Learned a level 2 spell: Swiftness
 13267 | D:14     | Learned a level 1 spell: Summon Butterflies
 13274 | D:14     | Learned a level 6 spell: Cigotuvi's Embrace
 13281 | D:14     | Learned a level 6 spell: Death Channel
 13356 | D:14     | Reached skill level 1 in Charms
 13362 | D:14     | Reached skill level 2 in Necromancy
 13368 | D:14     | Reached skill level 2 in Charms
 13438 | D:14     | Reached skill level 3 in Necromancy
 13473 | D:14     | Reached skill level 3 in Charms
 13604 | D:15     | Entered Level 15 of the Dungeon
 13635 | D:15     | Found a gate to the Vaults.
 13670 | D:15     | Reached skill level 4 in Necromancy
 13687 | D:15     | Reached skill level 4 in Charms
 13744 | D:15     | Reached skill level 5 in Necromancy
 13765 | D:15     | Reached skill level 5 in Charms
 13852 | D:15     | Noticed Rupert
 13863 | D:15     | Killed Rupert
 13863 | D:15     | Reached skill level 6 in Charms
 13863 | D:15     | Reached skill level 6 in Necromancy
 14057 | D:15     | Reached skill level 7 in Necromancy
 14153 | D:15     | Noticed Agnes
 14193 | D:15     | Killed Agnes
 14193 | D:15     | Reached skill level 7 in Charms
 14336 | D:15     | Reached skill level 8 in Necromancy
 14526 | D:15     | Found a staircase to the Orcish Mines.
 14538 | D:15     | Reached skill level 8 in Charms
 14585 | D:15     | Reached ****** piety under Kikubaaqudgha
 14660 | D:15     | Got the +1 war axe "Sevyl" {freeze, +Rage +Fly MP+9 Int+2}
 14796 | D:15     | Found a staircase to the Depths.
 14800 | D:15     | Reached XP level 15. HP: 128/128 MP: 12/20
 15222 | Orc:1    | Entered Level 1 of the Orcish Mines
 15238 | Orc:1    | Reached skill level 9 in Necromancy
 15295 | Orc:1    | HP: 32/128 [orc warrior/+0 hand axe (5)]
 15300 | Orc:1    | HP: 27/128 [orc warrior/+4 battleaxe of devastation[an orc knight] (21)]
 15300 | Orc:1    | HP: 9/128 [orc knight/+0 long sword (17)]
 15308 | Orc:1    | HP: 6/128 [two-headed ogre/+0 giant club (3)]
 15335 | Orc:1    | Reached skill level 10 in Necromancy
 15532 | Orc:1    | Noticed Fannar
 15643 | Orc:1    | Killed Fannar
 15699 | Orc:1    | Identified a +5 triple sword of pain (a +3 triple sword of flaming bloodied by Kikubaaqudgha)
 15699 | Orc:1    | Received a gift from Kikubaaqudgha
 15894 | Orc:1    | Found a gateway to a bazaar.
 15973 | Orc:2    | Entered Level 2 of the Orcish Mines
 15973 | Orc:2    | Found a staircase to the Slime Pits.
 15983 | Orc:2    | Reached skill level 11 in Necromancy
 16057 | Orc:2    | Noticed Saint Roka
 16057 | Orc:2    | Noticed Nergalle
 16073 | Orc:2    | Killed Nergalle
 16080 | Orc:2    | HP: 30/128 [Saint Roka/+5 great mace of distortion (58)]
 16129 | Orc:2    | Noticed Blork the orc
 16130 | Orc:2    | HP: 23/128 [Saint Roka/+5 great mace of distortion (33)]
 16131 | Orc:2    | HP: 4/128 [Saint Roka/divine providence (10)]
 16132 | Orc:2    | Killed from afar by Saint Roka

Skill      XL: |  1  2  3  4  5  6  7  8  9 10 11 12 13 14 15 |
---------------+----------------------------------------------+-----
Blades         | 4 5 6 7 8 9 10 11 13 14 15 16 | 16.2
Fighting       | 2 4 5 7 8 9 10 | 10.9
Stealth        | 4 6 8 11 | 11.6
Armour         | 1 3 4 7 10 | 10.3
Dodging        | 7 |  7.6
Hexes          | 2 |  2.0
Necromancy     | 8 11 | 11.1
Charms         | 8 |  8.5
Throwing       | |  1.7

Action                   |  1- 3 |  4- 6 |  7- 9 | 10-12 | 13-15 || total
-------------------------+-------+-------+-------+-------+-------++-------
Melee: Long sword        |   105 |   228 |   229 |       |       ||   562
       Bite              |    11 |    25 |    42 |   109 |   196 ||   383
       Scimitar          |       |       |   120 |   849 |  1393 ||  2362
       Triple sword      |       |       |       |       |    79 ||    79
Throw: Javelin           |       |     1 |       |    22 |    30 ||    53
 Cast: Repel Missiles    |       |       |       |       |     1 ||     1
       Regeneration      |       |       |       |       |     1 ||     1
       Death Channel     |       |       |       |       |     1 ||     1
Invok: Brand Weapon With |       |       |       |       |     1 ||     1
 Abil: Hop               |       |       |       |     1 |     4 ||     5
Evoke: Wand              |       |       |       |     4 |     2 ||     6
  Use: Potion            |     1 |       |       |     3 |    10 ||    14
       Scroll            |       |       |     4 |     2 |     6 ||    12
 Stab: Sleeping          |     3 |     7 |    11 |    24 |    12 ||    57
       Distracted        |       |       |     1 |       |     1 ||     2
       Invisible         |       |       |       |       |     3 ||     3
Armor: Leather armour    |    15 |       |       |       |       ||    15
       Quicksilver drago |    43 |   100 |   159 |   424 |   620 ||  1346
Dodge: Dodged            |    91 |   147 |   189 |   725 |  1185 ||  2337
       Deflected         |       |       |       |       |     2 ||     2

Vault maps used:
D:1:      grunt_arrival_lava_bath, serial_bayou_pond_e
D:2:      lemuel_doored_altar, led_sif_pool, marbit_many_paths, zin_academy
D:3:      okawaru_metal_pillars_3, chequers_ecumenical_altar_simple
D:4:      nicolae_gozag_cash_rules_everything_around_me, minmay_ruined_shrine
D:5:      old_standard_altar, lemuel_coloured_pillars_altar,
          minmay_overflow_temple_star_quad
D:6:      bloody_trog, nicolae_ru_the_path_less_chosen, grunt_qazlal_clouds
D:7:      statuecave_lemuel, old_standard_altar,
          hellmonk_temple_overflow_moretrees, old_standard_altar,
          vehumet_altar_wand_db, uniq_grinder, uniq_prince_ribbit1,
          uniq_menkaure
D:8:      special_room, feat_on_display, uniq_erica
D:9:      hangedman_decor_peaks_small, hangedman_decor_lopped
D:10:     minmay_statues_item, patterned_corridor
D:11:     serial_shops, bzr_entry_dummy, minivault_22
D:12:     basic_altar, minmay_statue_crystal_thing
D:13:     minivault_23, ice2_lemuel
D:14:     minmay_open_boxes_in_corner, minmay_misc_feat_chi
D:15:     gammafunk_enter_depths_forms, kennysheep_orc_monster_closet_entryway,
          erik_vaults_2, amethyst_killhole, minmay_checkerbox, uniq_rupert,
          uniq_agnes
Orc:1:    serial_shops, freezing_bzr, special_room, uniq_fannar
Orc:2:    grunt_orc_cross, minmay_swamp_entry_worms,
          minmay_slime_entry_oklob_open, basic_altar
Bazaar:   bazaar_minmay_snake

Table legend:
 A = Turns spent in this place as a percentage of turns spent in the entire game.
 B = Non-inter-level travel turns spent in this place as a percentage of non-inter-level travel turns spent in the entire game.
 C = Inter-level travel turns spent in this place as a percentage of turns spent in this place.
 D = Turns resting spent in this place as a percentage of non-inter-level travel turns spent in this place.
 E = Turns spent auto-exploring this place as a percentage of non-inter-level travel turns spent in this place.
 F = Non-inter-level travel turns spent in this place divided by the number of levels of this place that you've seen.
                   A       B       C       D       E      F
               +-------+-------+-------+-------+-------+----------------------
         Total | 100.0 | 100.0 |   0.3 |   0.9 |   4.8 | 371.1
       Dungeon |  87.2 |  87.2 |   0.3 |   0.8 |   5.1 | 388.4
  Orcish Mines |  11.0 |  11.1 |   0.1 |   1.4 |   2.2 | 369.5
        Bazaar |   1.7 |   1.7 |   0.9 |   0.0 |   6.1 | 115.0
               +-------+-------+-------+-------+-------+----------------------

Table legend:
 A = Kills in this place as a percentage of kills in entire the game.
 B = Kills by you in this place as a percentage of kills by you in the entire game.
 C = Kills by friends in this place as a percentage of kills by friends in the entire game.
 D = Other kills in this place as a percentage of other kills in the entire game.
 E = Experience gained in this place as a percentage of experience gained in the entire game.
 F = Experience gained in this place divided by the number of levels of this place that you have seen.
                   A       B       C       D       E      F
               +-------+-------+-------+-------+-------+----------------------
         Total | 100.0 | 100.0 | 100.0 | 100.0 | 100.0 | 6631.7
       Dungeon |  82.6 |  85.5 |  35.7 |   0.0 |  86.3 | 6864.9
  Orcish Mines |  17.4 |  14.5 |  64.3 | 100.0 |  13.7 | 8199.0
               +-------+-------+-------+-------+-------+----------------------
